 Dungeon Crawl Stone Soup version 0.23-a0-586-gacb4b3f (webtiles) character file.

39 inc the Conjurer (level 3, 14/14 HPs)
             Began as a Felid Fire Elementalist on Dec 18, 2018.
             Was an Initiate of Fedhas.
             Quit the game on level 3 of the Dungeon.
             The game lasted 00:02:15 (1887 turns).

inc the Conjurer (Felid Fire Elementalist)          Turns: 1887, Time: 00:02:16

Health: 14/14      AC:  1    Str:  4    XL:     3   Next: 28%
Magic:  7/7        EV: 18    Int: 17    God:    Fedhas [......]
Gold:   122        SH:  0    Dex: 16    Spells: 5/6 levels left
                                        Lives:  0   Deaths: 1

rFire    . . .     SeeInvis +   (weapon unavailable)
rCold    . . .     Gourm    .   (shield unavailable)
rNeg     . . .     Faith    .   (armour unavailable)
rPois    .         Spirit   .   (helmet unavailable)
rElec    .         Reflect  .   (cloak unavailable)
rCorr    .         Harm     .   (gloves unavailable)
MR       .....                  (boots unavailable)
Stlth    +++.......             (no amulet)
HPRegen  0.04/turn              (no ring)
MPRegen  0.10/turn              (no ring)

@: quick
A: very small, no armour, no weapons or thrown items, stealth, claws 1, fangs 3,
see invisible, carnivore, speed 1, shaggy fur 1, slow metabolism 1, sharp paws
a: Fungal Bloom, Renounce Religion


You were on level 3 of the Dungeon.
You worshipped Fedhas.
Fedhas was noncommittal.
You were not hungry.

You visited 1 branch of the dungeon, and saw 4 of its levels.

You collected 122 gold pieces.

Inventory:

Jewellery
 g - a +3 ring of intelligence {unknown}
Scrolls
 c - 4 scrolls of identify {unknown}
 d - a scroll of teleportation {unknown}
 e - a scroll of remove curse {unknown}
 h - a scroll of fog {unknown}
 i - a scroll of fear {unknown}
Potions
 a - a potion of might {unknown}
 f - 2 potions of curing {unknown}
 j - a potion of invisibility {unknown}
Comestibles
 b - 5 rations


   Skills:
 - Level 2.6 Dodging
 - Level 2.6 Stealth
 + Level 2.2 Spellcasting
 + Level 3.4 Conjurations
 + Level 3.0 Fire Magic


You had 5 spell levels left.
You knew the following spells:

 Your Spells              Type           Power        Failure   Level  Hunger
a - Flame Tongue          Conj/Fire      ##...        4%          1    #......

Your spell library contained the following spells:

 Spells                   Type           Power        Failure   Level  Hunger
 Throw Flame              Conj/Fire      ##....       8%          2    ###....
 Conjure Flame            Conj/Fire      ##......     16%         3    ###....
 Inner Flame              Hex/Fire       #.......     30%         3    ###....
 Sticky Flame             Conj/Fire      ##......     45%         4    #####..
 Fireball                 Conj/Fire      ##........   80%         5    ######.


Dungeon Overview and Level Annotations

Branches:
Dungeon (4/15)
 Temple: D:4-7

Altars:
Fedhas


Innate Abilities, Weirdness & Mutations

You cannot wear armour.
You are incapable of wielding weapons or throwing items.
Your paws allow you to move quietly. (Stealth)
You have sharp claws.
You have razor-sharp teeth.
You have supernaturally acute eyesight. (SInv)
You are carnivorous and can eat meat at any time.
You cover ground quickly.
You are covered in fur. (AC +1)
You have a slow metabolism.
Your sharp claws are effective at attacking unaware monsters.


Message History

The ball python bites you.
* * * LOW HITPOINT WARNING * * *
The ball python grabs you.
* * * LOW HITPOINT WARNING * * *
The ball python constricts you. The jackal misses you.
Unknown command.
You escape the ball python's grasp.
The jackal closely misses you. The ball python bites you.
* * * LOW HITPOINT WARNING * * *
The ball python misses you. The orc wizard closely misses you.
The jackal closely misses you.
The orc wizard points at you and mumbles some strange words.
The magic dart hits you!
You die...
The jackal misses you.
The orc wizard casts a spell.
The orc wizard blinks!
You are now level 3!
You rejoin the land of the living...
Are you sure you want to abandon this character and quit the game? (Confirm

######## ##......##
##........##
#..........#
#..........# ..#..
#......@...# ##..#.###
#..........# #.......#
#..........# #.h.....#
##........## #.......#
##........## #..[....#
#..........###........
#.....>.....)†.......#
#....(...).##......$.#
#..........#........!#


There were no monsters in sight!

Vanquished Creatures
  2 adders (D:3)
  2 oozes
  A worm (D:3)
  2 dart slugs (D:1)
  3 leopard geckos
  5 orcs
  6 bats
  2 giant cockroaches (D:1)
  3 goblins
  2 hobgoblins (D:2)
  3 jackals
  5 kobolds
  A quokka (D:2)
  6 frilled lizards
  6 rats
49 creatures vanquished.

Notes
Turn   | Place    | Note
-------+----------+-------------------------------------------
     0 | D:1      | inc the Felid Fire Elementalist began the quest for the
                  | Orb.
     0 | D:1      | Reached XP level 1. HP: 7/7 MP: 4/4
    12 | D:1      | Reached skill level 1 in Conjurations
   178 | D:1      | Reached XP level 2. HP: 11/11 MP: 1/6
   749 | D:1      | Reached XP level 3. HP: 14/14 MP: 4/7
  1226 | D:2      | Found a blossoming altar of Fedhas.
  1267 | D:2      | Became a worshipper of Fedhas Madash
  1815 | D:3      | Reached XP level 4. HP: 18/18 MP: 2/8
  1886 | D:3      | Killed from afar by an orc wizard
  1887 | D:3      | Reached XP level 3. HP: -3/14 MP: 2/7
  1887 | D:3      | Quit the game

Vault maps used:
D:1:      dpeg_arrival_simpleton_b, minmay_tiny_reverse_x
D:2:      fedhas_altar_1, first_ration, minmay_crystal_water
D:3:      grunt_temple_overflow_holy_war
D:4:      kennysheep_spiral_hall, elyvilon_altar_3, kennysheep_mini

Skill      XL: |  1  2  3  4 |
---------------+-------------+-----
Conjurations   | 1 2 3 |  3.4
Fire Magic     | 3 |  3.0
Dodging        | |  2.6
Stealth        | |  2.6
Spellcasting   | |  2.2

Action                   |  1- 3 |  4- 6 || total
-------------------------+-------+-------++-------
Melee: Unarmed           |     1 |       ||     1
 Cast: Flame Tongue      |    71 |     9 ||    80
  Eat: Chunk             |     1 |       ||     1
Armor: Skin              |     1 |     1 ||     2
Dodge: Dodged            |    13 |    11 ||    24

Table legend:
 A = Non-vault XP
 B = Vault XP
 C = Vault XP percentage of total XP
 D = Non-vault monster count
 E = Vault monster count
 F = Vault count percentage of total count
                 A         B        C        D         E       F
            +---------+---------+-------+---------+---------+-------
      Total |     123 |       3 |   2.4 |      47 |       2 |   4.1
            +---------+---------+-------+---------+---------+-------
        D:1 |      42 |       3 |   6.7 |      20 |       2 |   9.1
        D:2 |      33 |       0 |   0.0 |      18 |       0 |   0.0
        D:3 |      41 |       0 |   0.0 |       8 |       0 |   0.0
        D:4 |       7 |       0 |   0.0 |       1 |       0 |   0.0
            +---------+---------+-------+---------+---------+-------
